 Dungeon Crawl Stone Soup version 0.30.1-11-g7821555f0a (webtiles) character file.

Game seed: 6024931834217432901

143 SacredBeard the Vexing (level 5, -1/29 HPs)
             Began as a Deep Elf Hexslinger on Nov 2, 2023.
             Slain by a ball python (3 damage)
             ... on level 3 of the Dungeon.
             The game lasted 00:06:28 (2546 turns).

SacredBeard the Vexing (Deep Elf Hexslinger)        Turns: 2546, Time: 00:06:29

Health: -1/29      AC:  3    Str:  7    XL:     5   Next: 4%
Magic:  10/11      EV: 13    Int: 18    God:
Gold:   119        SH:  0    Dex: 17    Spells: 3/10 levels left

rFire   . . .        a - +1 sling
rCold   . . .        (no shield)
rNeg    . . .        c - +0 robe
rPois   .            m - +0 helmet
rElec   .            (no cloak)
rCorr   .            (no gloves)
SInv    .            (no boots)
Will    .....        (no amulet)
Stlth   ++           e - ring of flight
HPRegen 0.24/turn    (no ring)
MPRegen 0.12/turn

%: no passive effects
@: flying
A: no striking features
a: no special abilities


You were on level 3 of the Dungeon.
You visited 1 branch of the dungeon, and saw 3 of its levels.

You collected 119 gold pieces.

Inventory:

Hand Weapons
 a - a +1 sling (weapon)
Armour
 c - a +0 robe (worn)
 m - a +0 helmet (worn)
Jewellery
 e - a ring of flight (left hand)
 g - a ring of fire
Wands
 q - a wand of light (7)
Scrolls
 b - 3 scrolls of poison
 j - a scroll of silence {unknown}
 l - 4 scrolls of teleportation {unknown}
 p - 2 scrolls of enchant weapon {unknown}
 s - a scroll of blinking {unknown}
Potions
 d - 2 potions of degeneration {unknown}
 f - a potion of berserk rage {unknown}
 h - 2 potions of haste
 i - a potion of resistance {unknown}
 k - a potion of lignification {unknown}
 n - a potion of curing {unknown}
 o - a potion of ambrosia {unknown}
 r - a potion of brilliance {unknown}


   Skills:
 - Level 1.0 Fighting
 * Level 4.7 Ranged Weapons
 - Level 1.0 Armour
 + Level 3.1 Dodging
 + Level 3.0 Spellcasting
 + Level 4.8 Hexes
 + Level 0.2 Evocations


You had 3 spell levels left.
You knew the following spells:

 Your Spells              Type           Power      Damage    Failure   Level
a - Slow                  Hex            80%        N/A       2%          1
b - Inner Flame           Hex/Fire       11%        N/A       19%         3
c - Portal Projectile     Hex/Tloc       22%        N/A       19%         3

Your spell library contained the following spells:

 Spells                   Type           Power      Damage    Failure   Level
 Cause Fear               Hex            10%        N/A       22%         4


Dungeon Overview and Level Annotations

Branches:
Dungeon (3/15) Zot: 15412

Altars:
Ashenzari


Message History

The sling bullet closely misses the kobold.
The kobold closely misses you. The ufetubus closely misses you.
The ufetubus hits you.
You shoot a sling bullet. The sling bullet hits the kobold.
The kobold is moderately wounded.
The kobold hits you with a +0 short sword.
The ufetubus hits you. The ufetubus barely misses you.
You shoot a sling bullet. The sling bullet misses the kobold.
The kobold hits you but does no damage. The ufetubus barely misses you. x2
The kobold hits you with a +0 short sword.
You shoot a sling bullet. The sling bullet hits the kobold!
You kill the kobold!
The ufetubus closely misses you. The ufetubus misses you.
The ufetubus closely misses you.
The ufetubus hits you but does no damage.
Things that are here:
a +0 short sword; a kobold corpse The ufetubus attacks as you move away!
The ufetubus hits you but does no damage.
The ufetubus hits you.
The ufetubus is no longer moving slowly.
There is an escape hatch in the floor here.
You are too injured to fight recklessly!
Casting: Inner Flame (quite dangerous; 19% risk of failure)
Confirm with . or Enter, or press ? or * to list all spells.
Aiming: Slow (safe; 2% risk of failure)
Press: ? - help, Shift-Dir - straight line, f - ufetubus
Aim: an ufetubus (inner flame, chance to affect: 62%)
The ufetubus seems to slow down.
The ufetubus hits you.
* * * LOW HITPOINT WARNING * * *
The ufetubus hits you.
* * * LOW HITPOINT WARNING * * *
The ufetubus attacks as you move away! The ufetubus hits you.
* * * LOW HITPOINT WARNING * * *
The ufetubus hits you but does no damage.
The ufetubus attacks as you move away! The ufetubus misses you.
The ufetubus barely misses you.
The ball python attacks as you move away!
The ball python bites you.
You die...

.......S........###.....#######.#
##...####.#..##.###..########....
......S.)..................####.#
.....####.#.###.###..##########..
.....## #.#............# #.......
......# #S#####.#......###.####'#
......# #.# #..................
......###.#######.#..#####.###...
##+#........>..S@....# #.#.......
#...........5.....###.#.###...
#...........................'...
...######.##.####.#...##.#.###...
### #.##.####.#...##.#.# ##+#
###.##.............#.# #.#
#...........#...##.#.# #.#
#.#.##.######...##.#.# #.# #
#.######...##.#.# #.#


You could see an ufetubus (inner flame, slow) and a ball python.

Vanquished Creatures
  6 adders
  A shadow imp (D:3)
  2 worms
  A dart slug (D:1)
  An orc (D:3)
  9 ball pythons
  9 bats
  4 endoplasms
  4 giant cockroaches
  3 goblins
  5 hobgoblins
  7 jackals
  6 kobolds
  4 quokkas
  2 frilled lizards (D:1)
  2 rats
66 creatures vanquished.

Notes
Turn   | Place    | Note
-------+----------+-------------------------------------------
     0 | D:1      | SacredBeard the Deep Elf Hexslinger began the quest for the
                  | Orb.
     0 | D:1      | Reached XP level 1. HP: 11/11 MP: 5/5
    65 | D:1      | Reached XP level 2. HP: 16/16 MP: 6/6
   112 | D:1      | Reached skill level 1 in Fighting
   197 | D:1      | Reached XP level 3. HP: 20/20 MP: 8/8
   245 | D:1      | Learned a level 3 spell: Inner Flame
   903 | D:2      | Reached XP level 4. HP: 21/25 MP: 6/9
  1373 | D:2      | Reached skill level 1 in Armour
  1829 | D:2      | Learned a level 3 spell: Portal Projectile
  2400 | D:3      | Reached XP level 5. HP: 26/29 MP: 11/11
  2409 | D:3      | Found a broken altar of Ashenzari.
  2543 | D:3      | HP: 1/29 [ufetubus (3)]
  2546 | D:3      | Slain by a ball python

Illustrated notes

Levels and vault maps discovered:
D:1:      roderic_chinese_lattice_arrival, layout_loops_ring
D:2:      layout_loops_corners
D:3:      minmay_octagon_keep, layout_basic, nicolae_ashenzari_skybound,
          mainiacjoe_overflow_big_doors

Skill      XL: |  1  2  3  4 |
---------------+-------------+-----
Ranged Weapons | 3 4 |  4.7
Fighting       | 1 |  1.0
Spellcasting   | 2 3 |  3.0
Dodging        | 3 |  3.1
Armour         | 1 |  1.0
Hexes          | |  4.8
Evocations     | |  0.2

Action                     |  1- 3 |  4- 6 || total
---------------------------+-------+-------++-------
   Fire: Sling             |    98 |   109 ||   207
   Cast: Slow              |     3 |    24 ||    27
         Inner Flame       |       |     1 ||     1
 Armour: Robe              |     6 |    17 ||    23
  Dodge: Dodged            |    20 |    54 ||    74
